General information
- name: BNet
- type: Ladder team game (AT/RT)
- host: Battle.net
- saver: 2488921y8412489
map: MarketSquare
- players: 8
- length: 41:29
- speed: Fast
- version: 1.26 W3XP
- replay type: Public
» download(219 KB)
Players
team 1 (loser)
2488921y8412489 (
purple | 83 APM | 3462 actions | 41:29)
10 Archmage
3 Summon Water Elemental
3 Brilliance Aura
1 Mass Teleport
3 Blizzard
» actions
| Assign group hotkey | 153 | |
| Basic commands | 87 | |
| Build / train | 226 | |
| Enter build submenu | 51 | |
| Enter hero's abilities submenu | 10 | |
| Give item / drop item | 8 | |
| Remove unit from queue | 2 | |
| Right click | 1352 | |
| Select / deselect | 338 | |
| Select group hotkey | 1016 | |
| Use ability | 219 | |
3462 total
» units
| Peasant | 17 | |
| Footman | 5 | |
| Gryphon Rider | 7 | |
| Dragonhawk Rider | 6 | |
35 total
» upgrades
| Masonry | 3 | |
| Swords | 3 | |
| Armor | 3 | |
| Animal War Training | 1 | |
| Storm Hammers | 1 | |
| Lumber Harvesting | 2 | |
| Cloud | 1 | |
14 total
» buildings
| Altar of Kings | 1 | |
| Barracks | 1 | |
| Farm | 9 | |
| Lumber Mill | 1 | |
| Arcane Vault | 1 | |
| Keep | 3 | |
| Town Hall | 3 | |
| Scout Tower | 37 | |
| Blacksmith | 1 | |
| Castle | 4 | |
| Gryphon Aviary | 4 | |
| Guard Tower | 105 | |
170 total
» build order
00:54 Altar of Kings
00:56 Barracks
01:02 Farm
01:05 Farm
01:21 Farm
01:41 Lumber Mill
01:48 Farm
02:46 Arcane Vault
04:34 Farm
04:37 Farm
04:41 Keep
04:41 Keep
05:26 Town Hall
05:44 Scout Tower
05:45 Scout Tower
05:46 Scout Tower
06:12 Blacksmith
06:15 Farm
07:20 Castle
07:20 Castle
07:21 Castle
07:55 Gryphon Aviary
07:56 Gryphon Aviary
08:00 Guard Tower
08:00 Guard Tower
08:04 Scout Tower
08:04 Scout Tower
10:08 Scout Tower
10:09 Scout Tower
10:10 Scout Tower
10:11 Scout Tower
10:14 Scout Tower
10:15 Scout Tower
10:18 Scout Tower
10:43 Guard Tower
10:43 Guard Tower
10:43 Guard Tower
10:44 Guard Tower
10:44 Guard Tower
10:44 Guard Tower
10:44 Guard Tower
10:45 Guard Tower
11:12 Guard Tower
11:12 Guard Tower
11:23 Guard Tower
11:26 Guard Tower
11:26 Guard Tower
11:27 Guard Tower
11:35 Guard Tower
11:35 Guard Tower
11:39 Guard Tower
11:39 Guard Tower
11:45 Guard Tower
11:45 Guard Tower
11:46 Guard Tower
14:08 Scout Tower
14:13 Scout Tower
14:13 Scout Tower
14:14 Scout Tower
14:14 Scout Tower
14:16 Scout Tower
14:47 Guard Tower
14:48 Guard Tower
15:39 Guard Tower
15:39 Guard Tower
15:39 Guard Tower
15:49 Guard Tower
15:49 Guard Tower
15:49 Guard Tower
15:50 Guard Tower
22:49 Gryphon Aviary
22:49 Gryphon Aviary
22:59 Town Hall
23:24 Farm
23:24 Farm
29:41 Town Hall
29:43 Scout Tower
29:45 Scout Tower
29:45 Scout Tower
29:46 Scout Tower
29:48 Scout Tower
29:49 Scout Tower
29:50 Scout Tower
29:52 Scout Tower
29:53 Scout Tower
29:57 Scout Tower
30:29 Guard Tower
30:29 Guard Tower
30:29 Guard Tower
30:42 Guard Tower
30:43 Guard Tower
30:43 Guard Tower
30:43 Guard Tower
30:53 Guard Tower
30:53 Guard Tower
30:53 Guard Tower
30:59 Scout Tower
31:03 Scout Tower
31:04 Scout Tower
31:05 Scout Tower
31:06 Scout Tower
31:08 Scout Tower
31:08 Scout Tower
31:09 Scout Tower
31:10 Scout Tower
31:46 Guard Tower
31:46 Guard Tower
31:47 Guard Tower
31:47 Guard Tower
32:15 Guard Tower
32:15 Guard Tower
32:16 Guard Tower
32:16 Guard Tower
32:16 Guard Tower
32:16 Guard Tower
32:17 Guard Tower
32:40 Guard Tower
32:40 Guard Tower
32:45 Guard Tower
32:45 Guard Tower
32:45 Guard Tower
32:46 Guard Tower
32:46 Guard Tower
32:47 Guard Tower
32:48 Guard Tower
32:48 Guard Tower
33:11 Guard Tower
33:11 Guard Tower
33:11 Guard Tower
33:11 Guard Tower
33:12 Guard Tower
33:16 Guard Tower
33:17 Guard Tower
34:30 Guard Tower
34:30 Guard Tower
34:31 Guard Tower
34:31 Guard Tower
34:32 Guard Tower
34:32 Guard Tower
» items
| Mechanical Critter | 2 | |
| Scroll of Regeneration | 6 | |
| Periapt of Vitality | 1 | |
| Staff of Teleportation | 1 | |
| Scroll of Town Portal | 2 | |
| Ivory Tower | 14 | |
| Staff of Sanctuary | 1 | |
27 total
SexyStud (
orange | 48 APM | 1982 actions | 41:29)
10 Blademaster
3 Wind Walk
3 Critical Strike
1 Bladestorm
3 Mirror Image
» actions
| Assign group hotkey | 20 | |
| Basic commands | 108 | |
| Build / train | 59 | |
| Enter build submenu | 35 | |
| Enter hero's abilities submenu | 11 | |
| Give item / drop item | 10 | |
| Remove unit from queue | 1 | |
| Right click | 984 | |
| Select / deselect | 240 | |
| Select group hotkey | 382 | |
| Use ability | 132 | |
1982 total
» units
» upgrades
| Reinforced Defenses | 1 | |
| Ranged Weapons | 3 | |
| Armor | 3 | |
| Ensnare | 1 | |
| Pillage | 1 | |
| Melee Weapons | 3 | |
12 total
» buildings
| Orc Burrow | 5 | |
| Altar of Storms | 1 | |
| Barracks | 1 | |
| Voodoo Lounge | 2 | |
| Stronghold | 1 | |
| War Mill | 2 | |
| Great Hall | 1 | |
| Watch Tower | 16 | |
| Fortress | 1 | |
| Beastiary | 4 | |
| Spirit Lodge | 1 | |
35 total
» build order
00:16 Orc Burrow
01:18 Altar of Storms
01:20 Barracks
01:23 Orc Burrow
02:40 Voodoo Lounge
03:04 Stronghold
04:46 Orc Burrow
04:48 War Mill
06:05 Great Hall
06:13 Watch Tower
06:13 Watch Tower
06:14 Watch Tower
06:14 Watch Tower
07:09 Watch Tower
07:10 Watch Tower
07:43 Watch Tower
09:40 Fortress
09:56 Watch Tower
09:58 Watch Tower
10:47 Watch Tower
10:48 Watch Tower
11:49 Watch Tower
11:49 Watch Tower
11:49 Watch Tower
11:55 Watch Tower
11:58 Watch Tower
14:47 Beastiary
14:47 Beastiary
14:47 Beastiary
14:49 Beastiary
19:37 War Mill
23:34 Voodoo Lounge
23:37 Spirit Lodge
39:33 Orc Burrow
39:56 Orc Burrow
» items
| Healing Salve | 1 | |
| Staff of Teleportation | 1 | |
| Periapt of Vitality | 2 | |
| Dust of Appearance | 2 | |
6 total

»
Deanze (
green | 10 APM | 404 actions | 41:29)
3 Dreadlord
1 Sleep
2 Vampiric Aura
» actions
| Assign group hotkey | 3 | |
| Basic commands | 6 | |
| Build / train | 37 | |
| Enter build submenu | 23 | |
| Enter hero's abilities submenu | 3 | |
| Remove unit from queue | 8 | |
| Right click | 151 | |
| Select / deselect | 138 | |
| Select group hotkey | 1 | |
| Use ability | 34 | |
404 total
» units
| Acolyte | 2 | |
| Ghoul | 11 | |
| Abomination | 5 | |
18 total
» upgrades
| Unholy Strength | 1 | |
| Unholy Armor | 1 | |
2 total
» buildings
| Crypt | 2 | |
| Altar of Darkness | 1 | |
| Ziggurat | 8 | |
| Tomb of Relics | 1 | |
| Graveyard | 1 | |
| Halls of the Dead | 1 | |
| Necropolis | 2 | |
| Black Citadel | 1 | |
| Slaughterhouse | 3 | |
20 total
» build order
00:10 Crypt
00:14 Crypt
00:18 Altar of Darkness
00:42 Ziggurat
01:11 Ziggurat
01:32 Tomb of Relics
02:26 Ziggurat
03:50 Graveyard
04:28 Halls of the Dead
06:45 Ziggurat
07:02 Necropolis
07:44 Black Citadel
08:31 Slaughterhouse
08:48 Slaughterhouse
09:50 Slaughterhouse
11:56 Ziggurat
11:59 Ziggurat
12:08 Ziggurat
12:16 Ziggurat
12:24 Necropolis
» items
| Potion of Healing | 1 | |
| Scroll of Town Portal | 2 | |
3 total
ReiS4Eva (
yellow | 51 APM | 2104 actions | 41:29)
6 Archmage
3 Blizzard
2 Brilliance Aura
1 Mass Teleport
2 Mountain King
1 Storm Bolt
1 Bash
» actions
| Assign group hotkey | 52 | |
| Basic commands | 3 | |
| Build / train | 103 | |
| Enter build submenu | 22 | |
| Enter hero's abilities submenu | 8 | |
| Give item / drop item | 2 | |
| Remove unit from queue | 2 | |
| Right click | 965 | |
| Select / deselect | 254 | |
| Select group hotkey | 576 | |
| Use ability | 117 | |
2104 total
» units
| Peasant | 15 | |
| Footman | 4 | |
| Knight | 9 | |
| Siege Engine | 7 | |
| Forest Troll High Priest | 3 | |
| Kobold Geomancer | 4 | |
| Assassin | 6 | |
48 total
» upgrades
| Defend | 1 | |
| Barrage | 1 | |
| Animal War Training | 1 | |
| Gunpowder | 3 | |
| Plating | 1 | |
7 total
» buildings
| Altar of Kings | 1 | |
| Farm | 18 | |
| Barracks | 2 | |
| Arcane Vault | 1 | |
| Keep | 6 | |
| Castle | 2 | |
| Lumber Mill | 1 | |
| Blacksmith | 1 | |
| Town Hall | 2 | |
| Scout Tower | 7 | |
| Guard Tower | 2 | |
| Arcane Tower | 2 | |
| Workshop | 3 | |
48 total
» build order
00:08 Altar of Kings
00:12 Farm
01:00 Barracks
01:14 Farm
01:55 Farm
02:01 Arcane Vault
03:14 Keep
03:14 Keep
03:15 Keep
03:15 Keep
05:51 Castle
06:08 Lumber Mill
06:13 Blacksmith
07:55 Town Hall
08:04 Scout Tower
08:04 Scout Tower
08:08 Scout Tower
08:10 Scout Tower
08:23 Farm
09:07 Farm
09:07 Farm
09:08 Farm
09:31 Guard Tower
09:31 Guard Tower
10:30 Arcane Tower
12:22 Workshop
12:23 Workshop
12:24 Workshop
12:27 Barracks
13:30 Scout Tower
13:31 Scout Tower
13:31 Scout Tower
14:22 Farm
14:23 Farm
14:23 Farm
14:24 Farm
14:24 Farm
16:31 Farm
16:32 Farm
16:32 Farm
16:32 Farm
16:33 Farm
16:33 Farm
30:46 Town Hall
» items
| Scroll of Regeneration | 3 | |
| Mechanical Critter | 2 | |
| Staff of Sanctuary | 1 | |
| Orb of Lightning | 1 | |
| Healing Salve | 1 | |
| Scroll of Town Portal | 2 | |
| Orb of Fire | 1 | |
11 total
team 2 (winner)
TRUCEFLEET. (
blue | 53 APM | 2204 actions | 41:29)
7 Mountain King
3 Storm Bolt
3 Bash
1 Avatar
1 Shadow Hunter
1 Healing Wave
4 Goblin Alchemist
2 Chemical Rage
2 Healing Spray
» actions
| Assign group hotkey | 47 | |
| Basic commands | 37 | |
| Build / train | 84 | |
| Enter build submenu | 32 | |
| Enter hero's abilities submenu | 12 | |
| Give item / drop item | 3 | |
| Remove unit from queue | 2 | |
| Right click | 910 | |
| Select / deselect | 300 | |
| Select group hotkey | 676 | |
| Use ability | 101 | |
2204 total
» units
| Peasant | 17 | |
| Footman | 4 | |
| Gryphon Rider | 6 | |
27 total
» upgrades
| Masonry | 3 | |
| Lumber Harvesting | 2 | |
| Swords | 2 | |
| Storm Hammers | 1 | |
| Animal War Training | 1 | |
| Armor | 2 | |
11 total
» buildings
| Barracks | 1 | |
| Altar of Kings | 1 | |
| Farm | 11 | |
| Scout Tower | 21 | |
| Arcane Tower | 2 | |
| Town Hall | 2 | |
| Lumber Mill | 3 | |
| Keep | 2 | |
| Blacksmith | 1 | |
| Guard Tower | 11 | |
| Arcane Vault | 1 | |
| Gryphon Aviary | 4 | |
| Castle | 2 | |
| Workshop | 1 | |
| Cannon Tower | 2 | |
65 total
» build order
00:17 Barracks
00:22 Altar of Kings
00:37 Farm
00:53 Farm
01:37 Farm
01:54 Scout Tower
02:21 Arcane Tower
03:03 Farm
03:44 Town Hall
03:53 Lumber Mill
04:02 Lumber Mill
04:04 Scout Tower
04:05 Scout Tower
04:38 Arcane Tower
04:55 Keep
04:55 Keep
05:21 Blacksmith
05:56 Scout Tower
05:57 Scout Tower
05:59 Scout Tower
06:00 Scout Tower
06:26 Guard Tower
06:27 Guard Tower
06:27 Guard Tower
06:47 Arcane Vault
06:53 Farm
06:58 Guard Tower
07:27 Gryphon Aviary
08:19 Castle
08:22 Farm
08:35 Lumber Mill
08:56 Gryphon Aviary
09:29 Scout Tower
09:30 Scout Tower
09:31 Scout Tower
09:31 Scout Tower
09:32 Scout Tower
09:32 Scout Tower
10:04 Guard Tower
10:27 Guard Tower
10:27 Guard Tower
11:12 Guard Tower
11:13 Guard Tower
11:20 Farm
11:20 Farm
11:21 Farm
11:22 Farm
11:22 Farm
12:07 Guard Tower
14:50 Gryphon Aviary
15:14 Gryphon Aviary
16:39 Town Hall
18:00 Scout Tower
18:00 Scout Tower
18:59 Guard Tower
19:05 Workshop
19:26 Scout Tower
19:27 Scout Tower
20:08 Cannon Tower
26:19 Scout Tower
26:19 Scout Tower
26:19 Scout Tower
29:29 Cannon Tower
34:25 Scout Tower
» items
| Staff of Teleportation | 2 | |
| Potion of Invisibility | 2 | |
| Potion of Lesser Invulnerability | 1 | |
| Boots of Speed | 2 | |
| Scroll of Town Portal | 1 | |
| Scroll of Healing | 2 | |
10 total
xyzs (
teal | 41 APM | 1698 actions | 41:29)
6 Blademaster
3 Critical Strike
2 Wind Walk
1 Bladestorm
4 Shadow Hunter
2 Hex
2 Healing Wave
» actions
| Assign group hotkey | 15 | |
| Basic commands | 4 | |
| Build / train | 104 | |
| Enter build submenu | 35 | |
| Enter hero's abilities submenu | 11 | |
| Give item / drop item | 5 | |
| Right click | 790 | |
| Select / deselect | 391 | |
| Select group hotkey | 202 | |
| Use ability | 141 | |
1698 total
» units
| Peon | 36 | |
| Troll Headhunter/Berserker | 9 | |
| Troll Witch Doctor | 4 | |
| Wind Rider | 6 | |
| Shaman | 3 | |
58 total
» upgrades
| Troll Regeneration | 1 | |
| Ranged Weapons | 5 | |
| Witch Doctor Training | 2 | |
| Shaman Training | 2 | |
| Armor | 4 | |
| Berserker Upgrade | 1 | |
| Reinforced Defenses | 1 | |
| Envenomed Spears | 1 | |
| Burning Oil | 1 | |
18 total
» buildings
| Altar of Storms | 2 | |
| Orc Burrow | 16 | |
| War Mill | 2 | |
| Voodoo Lounge | 2 | |
| Barracks | 2 | |
| Stronghold | 2 | |
| Spirit Lodge | 2 | |
| Fortress | 2 | |
| Beastiary | 2 | |
| Great Hall | 5 | |
| Watch Tower | 14 | |
51 total
» build order
00:10 Altar of Storms
00:12 Orc Burrow
00:49 War Mill
01:19 Voodoo Lounge
01:43 Barracks
02:21 Orc Burrow
02:56 Altar of Storms
03:17 Orc Burrow
03:24 Stronghold
03:27 Orc Burrow
04:32 Stronghold
04:36 Orc Burrow
04:39 War Mill
04:42 Orc Burrow
05:50 Spirit Lodge
05:52 Spirit Lodge
05:56 Barracks
06:38 Fortress
06:52 Orc Burrow
06:55 Voodoo Lounge
07:02 Beastiary
07:03 Beastiary
08:42 Great Hall
08:48 Fortress
12:10 Great Hall
12:12 Watch Tower
12:13 Watch Tower
12:13 Watch Tower
12:14 Watch Tower
12:16 Watch Tower
12:50 Orc Burrow
12:51 Orc Burrow
14:31 Watch Tower
14:31 Watch Tower
14:32 Watch Tower
14:48 Orc Burrow
14:49 Orc Burrow
15:21 Great Hall
15:30 Watch Tower
15:31 Watch Tower
15:31 Watch Tower
15:32 Watch Tower
15:33 Watch Tower
16:06 Great Hall
16:36 Orc Burrow
17:07 Orc Burrow
17:08 Orc Burrow
18:30 Orc Burrow
20:33 Orc Burrow
22:17 Great Hall
» items
| Healing Salve | 3 | |
| Scroll of Town Portal | 2 | |
| Lesser Clarity Potion | 2 | |
| Orb of Fire | 1 | |
| Potion of Lesser Invulnerability | 1 | |
| Staff of Teleportation | 1 | |
| Scroll of Regeneration | 1 | |
11 total

»
FireandFury (
red | 33 APM | 908 actions | 27:11)
4 Mountain King
2 Storm Bolt
2 Bash
3 Blood Mage
2 Flame Strike
1 Banish
» actions
| Assign group hotkey | 17 | |
| Build / train | 66 | |
| Enter build submenu | 24 | |
| Enter hero's abilities submenu | 7 | |
| Remove unit from queue | 3 | |
| Right click | 355 | |
| Select / deselect | 337 | |
| Select group hotkey | 20 | |
| Use ability | 79 | |
908 total
» units
| Peasant | 20 | |
| Footman | 6 | |
| Gryphon Rider | 6 | |
| Dragonhawk Rider | 5 | |
37 total
» upgrades
| Swords | 3 | |
| Lumber Harvesting | 2 | |
| Animal War Training | 1 | |
6 total
» buildings
| Altar of Kings | 1 | |
| Farm | 9 | |
| Barracks | 1 | |
| Arcane Vault | 1 | |
| Scout Tower | 3 | |
| Arcane Tower | 1 | |
| Lumber Mill | 1 | |
| Keep | 1 | |
| Blacksmith | 1 | |
| Town Hall | 4 | |
| Guard Tower | 1 | |
| Gryphon Aviary | 2 | |
| Castle | 1 | |
27 total
» build order
00:11 Altar of Kings
00:22 Farm
00:41 Barracks
01:08 Farm
01:50 Farm
01:57 Arcane Vault
02:24 Scout Tower
02:37 Farm
03:13 Scout Tower
03:42 Arcane Tower
03:46 Lumber Mill
04:02 Keep
05:04 Blacksmith
05:35 Town Hall
06:27 Scout Tower
06:30 Farm
07:06 Guard Tower
07:10 Farm
07:16 Gryphon Aviary
07:19 Gryphon Aviary
07:44 Farm
09:22 Town Hall
09:46 Farm
09:59 Castle
11:15 Farm
22:33 Town Hall
26:44 Town Hall
» items
| Scroll of Regeneration | 4 | |
| Lesser Clarity Potion | 2 | |
| Boots of Speed | 1 | |
| Scroll of Town Portal | 1 | |
| Orb of Fire | 1 | |
| Potion of Lesser Invulnerability | 1 | |
10 total
hhtt123 (
pink | 1 APM | 3 actions | 02:23)
» actions
| ESC pressed | 1 | |
| Right click | 1 | |
| Select / deselect | 1 | |
3 total
Chat log
(00:08 / All) SexyStud: WHO RUN BARTER TOWN?
(00:12 / All) SexyStud: EMBARGO
(00:14 / All) TRUCEFLEET.: walkter white!
(00:18 / All) ReiS4Eva: american girls are retarded
(00:19 / All) 2488921y8412489: ME RUN BARTER TOWN!
(00:22 / All) ReiS4Eva: this society is dead
(00:29 / Allies) Deanze: hi
(00:38 / Allies) Deanze: aboms stats vampirism frost aura
(00:45 / All) ReiS4Eva: i hope al qaeda and ISIS team up and burn amreica down
(00:52 / All) ReiS4Eva: the culture has become crap
(00:57 / Allies) Deanze: expo asap, secure our territory
(01:01 / All) xyzs: go die
(01:03 / All) SexyStud: implying it was ever good
(01:07 / Allies) Deanze: tower, secure it first
(01:09 / All) ReiS4Eva: hehe, tru
(01:17 / All) 2488921y8412489: it's always sucked and nowhere else is really significantly better
(01:22 / All) ReiS4Eva: Okay
(01:38 / All) ReiS4Eva: i'd rather live ina poor country like peru if their valueis ar btter
(01:39 / All) SexyStud: USA ersatz carbon copy of Europe
(02:01 / Allies) Deanze: expo, tower it, then move on to teching hard
(02:06 / Allies) Deanze: secure our territory first
(02:07 / All) xyzs: lol id like to see you try to live in peru after being used to a1st world country
(02:10 / Allies) Deanze: CAN YOU DIG IT!!!
(02:16 / All) ReiS4Eva: the oldr u get, the mor stupid things u noticee
(02:18 / All) ReiS4Eva: seriously BRO
(02:18 / All) ReiS4Eva: SERIOUSLY
(02:19 / All) 2488921y8412489: if you think anywhere in south america has better values then you're really stupid
(02:31 / All) ReiS4Eva: i dont know which country has beetter valus
(02:32 / All) 2488921y8412489: south america is full of cartels, crime, etc
(02:40 / All) ReiS4Eva: im just throwing a random country, mate
(02:40 / All) 2488921y8412489: even more so than NA or Europe
(02:46 / All) SexyStud: sounds like my kind of place
(02:49 / All) ReiS4Eva: Ok mayb an asian country
(02:50 / All) ReiS4Eva: i dunno
(02:53 / All) ReiS4Eva: just sayin
(03:13 / All) SexyStud: COME ON AND SLAM AND WELCOME TO THE JAM
(03:21 / All) ReiS4Eva: COME ON islAM
(03:24 / All) 2488921y8412489: Asia is impossible to ever adapt to unless you're Asian
(03:25 / All) ReiS4Eva: AND WELCOM TO THE JAM
(03:30 / Allies) Deanze: W
(03:33 / All) ReiS4Eva: well, im asian
(03:35 / All) Deanze: WHOOP THERE IT IS!
(03:36 / All) ReiS4Eva: ill go there thn
(03:48 / All) ReiS4Eva: its sttld
(03:50 / All) SexyStud: NEVER GONNA GIVE YOU UP NEVER GONNA LET YOU DOWN
(03:50 / All) ReiS4Eva: byee
(04:31 / All) SexyStud: hey you whats u gonna do?
(04:39 / All) ReiS4Eva: 1992 was cool
(04:41 / All) ReiS4Eva: i agree
(04:45 / All) ReiS4Eva: 93
(04:46 / All) ReiS4Eva: i man
(04:48 / All) ReiS4Eva: ur ddescribing
(04:50 / All) ReiS4Eva: 1993
(05:10 / All) ReiS4Eva: MORTAL KOMBATTTTTTTTTT
(05:12 / All) ReiS4Eva: TEST UR MIGHT
(05:15 / All) ReiS4Eva: MORTAL KOBMATTTTTTTT
(05:24 / All) ReiS4Eva: FIGHT
(05:27 / All) TRUCEFLEET.: mario kart super nes
(05:38 / All) ReiS4Eva: RHYTHM IS A DANCR
(05:43 / All) ReiS4Eva: U CAN FEEEL ITI IN TH AIRRR
(06:10 / All) FireandFury: MH ALERT
(06:15 / All) TRUCEFLEET.: lawl
(07:15 / Allies) ReiS4Eva: hlp
(07:18 / Allies) ReiS4Eva: i ned hlp :P(
(07:27 / Allies) Deanze: im securing expo
(07:27 / Allies) ReiS4Eva: thx
(07:30 / Allies) Deanze: cant help
(07:34 / All) FireandFury: blue
(07:36 / Allies) ReiS4Eva: priupl hlping
(07:38 / Allies) Deanze: come build towers here
(07:38 / All) FireandFury: yes
(08:11 / All) TRUCEFLEET.: damn striaght woman
(08:14 / Allies) Deanze: didnt defend
(08:37 / Allies) Deanze: fucking idiots we lost this expo
(08:39 / Allies) 2488921y8412489: sounds like u are the idiot straight teching with dl/mass ghouls and being surprised you can't defend your own expo
(08:39 / All) ReiS4Eva: IMGAY
(08:58 / Allies) Deanze: idiots
(08:58 / Allies) 2488921y8412489: you can't rely on others doing all the work for you noob
(09:14 / Allies) Deanze: tower up plz
(09:15 / All) ReiS4Eva: th world is full of idiots
(09:18 / All) ReiS4Eva: dont rly on other
(09:19 / All) ReiS4Eva: s
(09:22 / All) ReiS4Eva: really
(09:32 / Allies) Deanze: I'm ud couldnt build towers
(09:35 / Allies) Deanze: ...
(09:44 / Allies) 2488921y8412489: you could have but you're too stupid to get sacrificial blight, place them & upgrade
(09:57 / Allies) Deanze: you didnt feed for me to buy it...
(09:58 / Allies) 2488921y8412489: quit bitching and looking for excuses for being a bad player
(10:00 / Allies) 2488921y8412489: stfu
(10:42 / All) ReiS4Eva: I AM UR FATHR
(11:08 / Allies) ReiS4Eva: if u wood me
(11:09 / Allies) ReiS4Eva: ill tank
(11:12 / Allies) ReiS4Eva: thy air a lot
(11:29 / Allies) ReiS4Eva: wood plas
(11:30 / Allies) ReiS4Eva: ill gold u
(11:32 / Allies) ReiS4Eva: i wanna mak tanks
(11:55 / Allies) ReiS4Eva: please deanze wood m
(11:57 / Allies) 2488921y8412489: green are you so noob you have to camp at an expo all game to take one?
(12:01 / Allies) ReiS4Eva: so we can win
(12:13 / Allies) ReiS4Eva: ty
(12:16 / Allies) ReiS4Eva: gj
(12:18 / Allies) ReiS4Eva: ill tank now
(12:58 / Allies) Deanze: hit and run I need to secure expo first
(13:03 / Allies) Deanze: Cant help otherwise
(13:20 / Allies) Deanze: plz tower up yellow or purple
(13:25 / All) FireandFury: ty
(13:38 / All) 2488921y8412489: for what, pretty sure that was in my favour
(13:54 / All) 2488921y8412489: lost 1 gryphon for, 10 peasants?
(14:05 / Allies) Deanze: tp
(14:09 / All) FireandFury: cunt
(14:13 / Allies) Deanze: fuck
(14:18 / Allies) Deanze: ty
(14:19 / All) 2488921y8412489: Green is an idiot
(14:22 / All) FireandFury: ty
(14:25 / All) 2488921y8412489: All he does all game is bitch his allies won't help his expo
(14:27 / Allies) Deanze: why
(14:46 / All) Deanze: I tk now gg
(14:54 / All) 2488921y8412489: You can't team kill if you wanted to
(14:59 / All) 2488921y8412489: Tp me and you'll fail tk and lose everything
(15:01 / All) 2488921y8412489: You're a scrub
(15:14 / All) Deanze: how can people be so mean wtf
(15:22 / All) Deanze: I just wanted some help with expo
(15:26 / All) 2488921y8412489: Green is the retard noob going to try to tk me with aboms when I have gryphons?
(15:30 / All) Deanze: to defend cause I'm on the edge
(15:36 / All) 2488921y8412489: magic damage does bonus vs heavy and aboms can't hit up
(15:52 / All) Deanze: you towered up like a retard while you're not even on the edge
(15:57 / All) Deanze: I was demanding help
(16:00 / All) Deanze: from my allies
(16:03 / All) 2488921y8412489: the term is "outside position" green
(16:10 / Allies) ReiS4Eva: yeaeya
(16:12 / All) 2488921y8412489: next time learn how to tower your own expo as ud
(16:16 / Allies) ReiS4Eva: argu when w e los
(16:17 / All) 2488921y8412489: and harass and be active
(16:20 / All) 2488921y8412489: rather than masturbate in your expo
(16:24 / All) 2488921y8412489: with ghouls and dl first
(16:28 / All) Deanze: wtf
(16:34 / All) Deanze: how can people be such shits
(16:46 / All) Deanze: I would kill you in real life purple
(16:51 / All) 2488921y8412489: how can you be so shit?
(16:52 / All) Deanze: I would choke you to death boy
(16:56 / All) 2488921y8412489: haha sure you would
(17:03 / All) Deanze: I would
(17:08 / All) Deanze: not kidding
(17:12 / All) 2488921y8412489: nice fantasy babe
(17:12 / All) Deanze: you dont know me boy
(17:21 / All) Deanze: I'll rip your fucking throat out
(17:23 / All) 2488921y8412489: I know you're a little kid who gets mad over video games LOL
(17:25 / All) TRUCEFLEET.: lawl
(17:26 / All) TRUCEFLEET.: wtf
(17:27 / All) Deanze: you piece of human trash
(17:31 / All) 2488921y8412489: hahaha
(17:34 / All) 2488921y8412489: you are making me laugh out loud
(17:35 / All) TRUCEFLEET.: green just threatened purple?
(17:39 / All) Deanze: I cant get how you talk to me
(17:44 / All) 2488921y8412489: continue plz lol
(17:45 / All) 2488921y8412489: hahaha
(17:48 / Allies) ReiS4Eva: ill tp nxt town
(17:49 / All) Deanze: Why?
(17:49 / Allies) ReiS4Eva: sorry
(17:56 / All) Deanze: why being mean for no reason
(17:57 / Allies) ReiS4Eva: sorry i didnt tp
(17:59 / Allies) ReiS4Eva: i killdp nik
(17:59 / All) 2488921y8412489: You're a retard idiot noob
(18:00 / Allies) ReiS4Eva: at last
(18:03 / All) 2488921y8412489: Dude I just insulted you at the game
(18:04 / All) Deanze: wow
(18:07 / All) 2488921y8412489: you say you would fucking commit murder LOL
(18:10 / All) 2488921y8412489: which of us is mean?
(18:12 / All) Deanze: I would
(18:18 / All) 2488921y8412489: the one who calls the other a noob or the one who wants to kill another human being?
(18:19 / All) Deanze: you started me
(18:30 / All) Deanze: the other who calls people name for no reason
(18:34 / All) SexyStud: nice blizzard retard
(18:35 / All) 2488921y8412489: lol
(18:37 / All) Deanze: I would seriously kill you
(18:42 / All) Deanze: I'm no nood
(18:45 / All) Deanze: noob
(18:55 / All) Deanze: we were on the same thing
(18:56 / All) 2488921y8412489: yes you are lol
(18:58 / All) 2488921y8412489: which of us has a base?
(19:00 / All) Deanze: cant get over it
(19:00 / All) 2488921y8412489: Me, you are noob
(19:06 / All) 2488921y8412489: you lose your expo, your base, your army, your everything
(19:09 / All) Deanze: It's a tema game...
(19:17 / All) 2488921y8412489: ytou sure didn't contribute to the team hahaha
(19:18 / All) Deanze: you towered your base for no obvious reason
(19:21 / All) 2488921y8412489: look at orange, yellow and me roll the enemies
(19:26 / All) 2488921y8412489: all you did is fucking die and waste our time lol
(19:44 / All) Deanze: how many resources didi you spend on these towers?
(19:45 / All) 2488921y8412489: we would be better off you leaving and giving your base as an expo
(19:55 / All) Deanze: you're getting hit now cause you all sacrificed me
(19:57 / All) 2488921y8412489: hahahaha red you suck as bad as green
(20:06 / All) FireandFury: u suck
(20:07 / All) 2488921y8412489: green stfu you wouldn't do shit if you had a base lol
(20:09 / All) FireandFury: big time
(20:11 / All) 2488921y8412489: let's be honest
(20:17 / All) Deanze: we cant make a decent society with people like you
(20:17 / All) 2488921y8412489: Red I'm about to ream your ass
(20:37 / All) 2488921y8412489: nice try fighting me LOL
(20:38 / All) Deanze: You're what is wrong with the world purple
(20:45 / All) Deanze: I would murder you
(20:47 / All) 2488921y8412489: At least I don't choke people to death over video games LOL
(21:01 / All) Deanze: well it's not really about a game
(21:12 / Allies) ReiS4Eva: fuck u
(21:13 / All) 2488921y8412489: sure it isn't, sport
(21:15 / All) Deanze: it's how you socially interact with people
(21:21 / All) SexyStud: dead meat teal
(21:47 / All) Deanze: we were on the same thing, I asked for help being on the "outside position" and all
(21:56 / All) Deanze: no help was offered...
(22:07 / All) Deanze: you towered your base...
(22:10 / All) 2488921y8412489: lol ok
(22:13 / All) TRUCEFLEET.: who
(22:18 / All) Deanze: It got hit because you all let me die
(22:27 / All) 2488921y8412489: sounds like you're pretty mad over being bad at a video game
(22:33 / All) 2488921y8412489: you died because you sucked, plain and simple
(22:37 / All) 2488921y8412489: there's a reason none of us helped you
(22:44 / All) Deanze: alright
(22:54 / All) Deanze: and you're wondering why I would like to kill you
(22:56 / Allies) ReiS4Eva: team up
(22:58 / Allies) ReiS4Eva: cuz it aint ovr
(23:01 / Allies) ReiS4Eva: thy ar tough
(23:06 / All) 2488921y8412489: you want to kill me bcuz you're mad that you're bad
(23:17 / All) Deanze: I'm not bad
(23:21 / All) 2488921y8412489: you are horrible LOL
(23:34 / All) Deanze: I was in a precarious position and you're too dumb to realize
(23:39 / All) TRUCEFLEET.: green why did u say u would rip out his throat
(23:40 / All) 2488921y8412489: I get outside position
(23:41 / All) 2488921y8412489: all the time
(23:46 / All) 2488921y8412489: you're just too bad to play it
(23:47 / All) Deanze: I do too
(23:54 / All) 2488921y8412489: you like to inside straight tech ghoul dl rush to t3 too I bet
(24:01 / All) xyzs: so close orange
(24:07 / All) 2488921y8412489: Green there's a reason you are fucking 462-521 hahaha
(24:12 / All) 2488921y8412489: you aren't even 50%
(24:18 / All) Deanze: Ik
(24:23 / All) xyzs: and what are you purp
(24:28 / All) 2488921y8412489: UNMATCHED, UNDEFEATED
(24:29 / All) Deanze: I bet you're proud at being better than me
(24:34 / All) xyzs: sure
(24:44 / All) FireandFury: go
(24:44 / All) 2488921y8412489: Out, red
(24:56 / All) FireandFury: BLUE
(25:08 / All) Deanze: blue help red
(25:41 / All) FireandFury: WTF????????????????????????????????
(25:43 / All) Deanze: you're a bad person and I'm bad at this game
(25:44 / All) FireandFury: WTF
(25:48 / All) 2488921y8412489: Uninstall red
(25:51 / All) 2488921y8412489: Retard noob
(25:59 / All) Deanze: stop harassing people
(25:59 / All) FireandFury: WTF
(26:02 / All) 2488921y8412489: Green I can guarantee I'm better than you in every way not just at WC3
(26:05 / All) 2488921y8412489: just kill yourself
(26:07 / All) FireandFury: Who the hell
(26:11 / All) FireandFury: I got blocked
(26:14 / All) FireandFury: by a tP
(26:17 / All) FireandFury: ....
(26:18 / All) 2488921y8412489: You're a scrub red, out
(26:28 / All) FireandFury: ur TEH SCUM OF THE eARTH
(26:28 / All) Deanze: piece of trash purple
(26:43 / All) 2488921y8412489: Looks like I'm about to win and take out the trash actually lol
(26:46 / All) Deanze: human scum purple
(26:56 / All) SexyStud: you're worthless jacob
(26:58 / All) 2488921y8412489: human waste green
(27:07 / All) Deanze: no actually
(27:11 / All) 2488921y8412489: Red, thanks for making free dhawks for me
(27:14 / All) 2488921y8412489: but I'm already level 10 man
(27:15 / All) Deanze: I'm a better person than you are
(27:17 / All) 2488921y8412489: I don't need more XP
(27:23 / All) 2488921y8412489: How so green?
(27:27 / All) 2488921y8412489: what've you done with your life?
(27:28 / All) 2488921y8412489: tell me about it
(27:39 / All) Deanze: I treat people better that's all
(27:45 / All) Deanze: you insult
(27:48 / All) Deanze: you harass
(27:51 / All) 2488921y8412489: I'm sure you have an impressive list of accomplishments to type to me, seething behind your keyboard failing at wc3
(28:10 / All) Deanze: why would I tell you
(28:12 / All) Deanze: piece of shit
(28:18 / All) 2488921y8412489: You won't since you have nothing to tell LOL!!!
(28:25 / All) xyzs: blue u fucked me
(28:32 / All) TRUCEFLEET.: wtf
(28:36 / All) xyzs: your tp
(28:38 / All) Deanze: well you think what you want buddy boy
(28:38 / All) SexyStud: Accept that you got raped
(28:39 / All) 2488921y8412489: All you have to show for yourself right now is how pissed you get over Warcraft III: The Frozen Throne 4 vs 4 Random Team
(28:40 / All) SexyStud: fair and square
(28:43 / All) xyzs: im sorry
(28:49 / All) xyzs: orange your just too good
(28:51 / All) 2488921y8412489: and I doubt you have anything else to show for yourself other than that, shitstain
(28:54 / All) SexyStud: Thank you for admitting it
(28:59 / All) Deanze: ahah
(28:59 / All) xyzs: sarcasm
(29:13 / All) SexyStud: But I raped you in every which way?
(29:17 / All) SexyStud: Be a man and accept you are my lesser
(29:31 / All) 2488921y8412489: Orange it looks like this game is full of people who don't want to acknowledge their betters, don't sweat it
(29:55 / All) xyzs: ugh
(30:03 / All) ReiS4Eva: IMGAY
(30:09 / All) 2488921y8412489: "ugh"?
(30:36 / Allies) ReiS4Eva: u did that kill me huh
(30:37 / Allies) ReiS4Eva: ok
(30:39 / Allies) ReiS4Eva: u finish gam thn
(30:41 / Allies) ReiS4Eva: hav fun
(30:46 / All) 2488921y8412489: Yellow is pissed too now
(30:50 / All) 2488921y8412489: whole game is angry scrubs
(31:02 / All) ReiS4Eva: not angry
(31:06 / All) ReiS4Eva: moree likee meeeh
(31:08 / All) ReiS4Eva: afk
(31:14 / All) ReiS4Eva: finish the win as i watch tv
(31:21 / All) ReiS4Eva: do it, slav.
(31:23 / All) TRUCEFLEET.: what u watching
(31:25 / All) 2488921y8412489: Nah I think I'll AFK it out too and drain the map of gold
(31:42 / All) 2488921y8412489: Hey green are you here?
(31:49 / All) 2488921y8412489: Green
(31:56 / All) 2488921y8412489: Look how much better your base is when a better player is using it
(32:04 / All) 2488921y8412489: All this gold that went to waste under your control, it's mine now
(33:07 / All) xyzs: haha stale mate
(33:18 / All) xyzs: pink was afk 1 min in
(35:04 / All) xyzs: critters!
(36:20 / All) 2488921y8412489: Jake gryphons at bot left
(36:25 / All) 2488921y8412489: at green creep camp
(36:30 / All) 2488921y8412489: below the old bot left base
(36:48 / All) 2488921y8412489: Jake you noob
(36:51 / All) 2488921y8412489: gryphons at bot left
(37:14 / All) xyzs: theyre just having too much fun winning a 3v4
(37:48 / All) xyzs: what is this map hack
(37:54 / All) xyzs: lol orange
(38:29 / All) 2488921y8412489: jake what are you doing with your gryphons
(38:35 / Allies) SexyStud: I don't have orb
(38:44 / Allies) 2488921y8412489: wtf is he doing
(40:15 / All) TRUCEFLEET.: back
(40:21 / All) TRUCEFLEET.: teal this will be a true stalmate
(40:44 / All) TRUCEFLEET.: no teal, im afraid not
(40:47 / All) TRUCEFLEET.: it will be you vs green
(41:01 / All) 2488921y8412489: and yellow is here too
(41:04 / All) TRUCEFLEET.: person who leaves wc3/their internet on the longest wins
(41:27 / All) TRUCEFLEET.: the yare killing themselves too